 Dungeon Crawl Stone Soup version 0.26.0-10-g1f06aea511 (webtiles) character file.

Game seed: 9776302538242336145

13718 Dracia the Covert (level 12, -11/108 HPs)
             Began as a Kobold Enchanter on Jan 17, 2021.
             Was a High Priest of Dithmenos.
             Killed from afar by a tengu conjurer (17 damage)
             ... with a lance of force
             ... on level 11 of the Dungeon.
             The game lasted 00:38:35 (14524 turns).

Dracia the Covert (Kobold Enchanter)               Turns: 14524, Time: 00:38:35

Health: -11/108    AC: 10    Str:  5    XL:     12   Next: 36%
Magic:  2/15       EV: 15    Int: 23    God:    Dithmenos [*****.]
Gold:   715        SH:  0    Dex: 26    Spells: 3/15 levels left

rFire    . . .     SeeInvis .   a - +6 short sword (freeze)
rCold    . . .     Faith    +   (shield restricted)
rNeg     . . .     Spirit   .   K - +0 troll leather armour
rPois    .         Reflect  .   F - +2 helmet
rElec    .         Harm     .   d - scarf {+Inv}
rCorr    .         Rampage  .   j - +0 pair of gloves
Will     .....                  J - +1 pair of boots
Stlth    ..........             T - amulet of faith {!P!P}
HPRegen  0.68/turn              D - +6 ring of dexterity
MPRegen  0.14/turn              I - +6 ring of intelligence

@: brilliant, berserking, wreathed by umbra, very quick
A: small, nightstalker 3
a: Renounce Religion, Evoke Invisibility, Shadow Step, Shadow Form


You were on level 11 of the Dungeon.
You worshipped Dithmenos.
Dithmenos was extremely pleased with you.
You visited 2 branches of the dungeon, and saw 12 of its levels.
You also visited: Bailey.

You collected 715 gold pieces.


Innate Abilities, Weirdness & Mutations

You are small and have problems with some larger weapons.
You are completely attuned to the shadows.


   Skills:
 - Level 7.3 Fighting
 - Level 10.0 Short Blades
 - Level 2.4 Dodging
 - Level 12.5 Stealth
 - Level 2.1 Spellcasting
 + Level 11.6 Hexes
 + Level 4.0 Invocations
 * Level 8.4 Evocations


You had 3 spell levels left.
You knew the following spells:

 Your Spells              Type           Power        Failure   Level
d - Tukima's Dance        Hex            70%          1%          3
l - Dazzling Flash        Conj/Hex       86%          6%          3
o - Confusing Touch       Hex            70%          1%          3
x - Ensorcelled Hibernat  Hex/Ice        86%          3%          2
z - Corona                Hex            77%          1%          1

Your spell library contained the following spells:

 Spells                   Type           Power        Failure   Level
 Beastly Appendage        Tmut           6%           22%         1
 Wereblood                Tmut           3%           32%         2
 Spider Form              Tmut/Pois      1%           54%         3
 Ice Form                 Ice/Tmut       3%           91%         4
 Blade Hands              Tmut           1%           99%         5

Inventory:

Hand Weapons
 a - a +6 short sword of freezing (weapon)
 b - a +2 dagger of venom
 h - a +1 dagger
Missiles
 g - 74 poisoned darts
 U - a throwing net {=f=f}
Armour
 d - a scarf of invisibility (worn)
 j - a +0 pair of gloves (worn)
 n - a +0 pair of boots
 t - a +1 robe
 y - a +2 cloak of preservation
 z - a +2 hat
 F - a +2 helmet (worn)
 J - a +1 pair of boots (worn)
 K - a +0 troll leather armour (worn)
Magical Staves
 L - an uncursed staff of cold {!a!a, unknown}
 R - an uncursed staff of conjuration {!a!a, unknown}
Jewellery
 w - an uncursed ring of magical power
 A - an uncursed amulet of the acrobat
 D - a +6 ring of dexterity (left hand)
 I - a +6 ring of intelligence (right hand)
 T - an amulet of faith (around neck) {!P!P}
 W - an uncursed ring of magical power
Wands
 u - a wand of random effects (35)
 C - a wand of paralysis (20)
 E - a wand of iceblast (3)
 H - a wand of enslavement (13)
 P - a wand of disintegration (27)
Scrolls
 e - 5 scrolls of amnesia
 i - 5 scrolls of remove curse {@r2@r2}
 m - 3 scrolls of fear
 q - 6 scrolls of identify {@r1@r1}
 r - a scroll of holy word {unknown}
 x - 2 scrolls of magic mapping
 M - 2 scrolls of enchant weapon
 S - a scroll of noise {unknown}
Potions
 c - 4 potions of lignification
 f - a potion of attraction
 k - 7 potions of might
 l - 2 potions of ambrosia
 o - 2 potions of mutation
 p - 2 potions of magic
 s - a potion of degeneration
 v - 2 potions of haste {@q3@q3}
 B - 2 potions of cancellation
 O - 2 potions of curing {@q1@q1}

Dungeon Overview and Level Annotations

Branches:
Dungeon (11/15)            Temple (1/1) D:6             Orc (0/2) D:9
 Bailey (visited)
   Lair: D:8-11

Altars:
Dithmenos
Elyvilon
Gozag
Kikubaaqudgha
Nemelex Xobeh
Qazlal
Ru
Sif Muna
Wu Jian
The Shining One
Beogh

Shops:
D:6 ?   D:7 ?

Annotations:
D:11 2 runed translucent doors

#.#.###..##)#)##.#.#
#.#.#.##)##.##.#.#.#
#.##)#)######...##.#
#..###'# #'###..##
##.....######.......##
##...##8=|8##.#.....#
###.#8(...8#.##...##
#.'(C....+.##..###.
#.'@QD...+.##......
#.#8*...8#.###.###
#.##8"(8##.###'##
##..######..##...##
...................##
.###.#...####.......##
#.....###.........#
#.......'......<..'
##....###.........#


You could see a cyclops, a tengu conjurer, a steam dragon and a battlesphere.


Message History

Okay, then.
Use which ability? (? or * to list)
Okay, then.
It was a potion of brilliance.
You feel clever all of a sudden. The tengu conjurer closely misses you.
The tengu conjurer pecks you but does no damage.
The tengu conjurer barely misses you. The cyclops hits you.
* * * LOW HITPOINT WARNING * * *
It was a potion of berserk rage.
A red film seems to cover your vision as you go berserk!
You feel yourself moving faster!
You feel mighty!
The tengu conjurer hits you but does no damage.
The tengu conjurer pecks you but does no damage.
The tengu conjurer closely misses you.
You puncture the cyclops! You freeze the cyclops.
The cyclops is moderately wounded.
The tengu conjurer misses you.
The tengu conjurer pecks you but does no damage.
The tengu conjurer claws you.
* * * LOW HITPOINT WARNING * * *
The cyclops hits you!
* * * LOW HITPOINT WARNING * * *
You hit the cyclops. You freeze the cyclops.
The cyclops is heavily wounded.
You puncture the cyclops! You freeze the cyclops.
The cyclops is severely wounded.
The tengu conjurer points at you and mumbles some strange words.
The lance of force hits you!
You die...

Skill      XL: |  1  2  3  4  5  6  7  8  9 10 11 12 |
---------------+-------------------------------------+-----
Short Blades   | 2 3 4 6 7 9 10 | 10.0
Hexes          | 4 6 7 8 10 11 | 11.6
Stealth        | 6 10 12 | 12.5
Fighting       | 5 7 |  7.3
Evocations     | 6 8 |  8.4
Invocations    | 2 4 |  4.0
Dodging        | |  2.4
Spellcasting   | |  2.1

Action                   |  1- 3 |  4- 6 |  7- 9 | 10-12 || total
-------------------------+-------+-------+-------+-------++-------
Melee: Dagger            |    68 |   161 |   167 |       ||   396
       Short sword       |       |       |    84 |   309 ||   393
 Cast: Corona            |     2 |     1 |       |     2 ||     5
       Ensorcelled Hiber |     3 |    25 |    34 |    51 ||   113
       Confusing Touch   |       |     4 |    22 |    11 ||    37
       Dazzling Flash    |       |       |       |    13 ||    13
       Tukima's Dance    |       |       |       |     1 ||     1
Invok: Shadow Step       |       |       |       |     1 ||     1
 Abil: Evoke Invisibilit |       |       |       |     1 ||     1
Evoke: Wand              |       |       |       |     7 ||     7
  Use: Scroll            |       |     8 |    13 |     8 ||    29
       Potion            |       |       |       |     4 ||     4
 Stab: Sleeping          |    21 |    28 |    35 |    68 ||   152
       Confused          |       |     6 |    16 |    10 ||    32
       Distracted        |       |       |     3 |     1 ||     4
       Invisible         |       |       |       |    19 ||    19
Armor: Robe              |     3 |    25 |    21 |    44 ||    93
       Troll leather arm |       |       |       |    15 ||    15
Dodge: Dodged            |    30 |   115 |   136 |   276 ||   557

Levels and vault maps discovered:
D:1:      shiori_arrival_whats_in_store_for_you, layout_basic,
          minmay_tree_intersection, hangedman_decor_opposing
D:2:      layout_rooms, grunt_gozag_statues, minmay_tetromino_o4
D:3:      layout_basic
D:4:      layout_loops_ring, grunt_decor_fettered, kennysheep_generic_room_6,
          uniq_crazy_yiuf_cottage, uniq_pikel
D:5:      layout_loops_ring, grunt_ministairs_7, hangedman_feature_mirror
D:6:      layout_layer_cave, minmay_temple_entry_statues_fountains,
          serial_shops, nicolae_shop_trees, kennysheep_pointless_box,
          chequers_serial_rivers_micro_e, uniq_menkaure
D:7:      layout_loops_ring, serial_shops, nicolae_shop_trees,
          hangedman_abyss_or_decor_stabs
D:8:      layout_layer_cave, minmay_fractal_squares_gapless_5
D:9:      layout_basic, minmay_orc_entry_temple_small, enter_bailey_5
D:10:     nicolae_whirlpool, layout_cross, minivault_8
D:11:     layout_loops_corners, lair_entry_dummy, nicolae_trove_entry_columns,
          serial_shops, kennysheep_mini, grunt_decor_one_mirror,
          minmay_hollow_rounded_squares
Temple:   roderic_octagonal_lattice_temple

Notes
Turn   | Place    | Note
-------+----------+-------------------------------------------
     0 | D:1      | Dracia the Kobold Enchanter began the quest for the Orb.
     0 | D:1      | Reached XP level 1. HP: 10/10 MP: 3/3
     0 | D:1      | Noticed a minotaur zombie
     2 | D:1      | Noticed a merfolk zombie
     6 | D:1      | Noticed a minotaur zombie
     7 | D:1      | Noticed a merfolk zombie
   224 | D:1      | Reached skill level 2 in Short Blades
   224 | D:1      | Reached XP level 2. HP: 15/15 MP: 5/5
  1008 | D:1      | Reached XP level 3. HP: 6/19 MP: 4/6
  1011 | D:1      | Learned a level 2 spell: Ensorcelled Hibernation
  1015 | D:1      | Learned a level 3 spell: Confusing Touch
  1446 | D:2      | Reached skill level 3 in Short Blades
  1915 | D:2      | Reached XP level 4. HP: 24/24 MP: 7/7
  1935 | D:2      | Reached skill level 4 in Short Blades
  2076 | D:2      | Found an opulent altar of Gozag.
  2731 | D:3      | Reached XP level 5. HP: 7/28 MP: 1/8
  3028 | D:3      | Reached skill level 5 in Short Blades
  3205 | D:3      | Reached skill level 4 in Hexes
  3894 | D:3      | You fall into a shaft and drop 2 floors!
  3894 | D:5      | Entered Level 5 of the Dungeon
  3894 | D:5      | Found a stormy altar of Qazlal.
  3915 | D:5      | Noticed a centaur
  3919 | D:5      | Killed a centaur
  3920 | D:5      | Reached skill level 6 in Short Blades
  3920 | D:5      | Reached XP level 6. HP: 32/32 MP: 9/9
  3924 | D:5      | Learned a level 3 spell: Tukima's Dance
  4143 | D:5      | Reached skill level 7 in Short Blades
  4156 | D:4      | Reached XP level 7. HP: 23/36 MP: 3/10
  4325 | D:4      | Reached skill level 5 in Hexes
  4328 | D:4      | Noticed Pikel
  4853 | D:4      | Killed Pikel
  4854 | D:4      | Reached skill level 9 in Short Blades
  4854 | D:4      | Reached skill level 6 in Hexes
  4854 | D:4      | Reached XP level 8. HP: 26/41 MP: 0/11
  5152 | D:4      | Reached skill level 10 in Short Blades
  5434 | D:4      | Found a runed translucent door.
  5437 | D:4      | Noticed Crazy Yiuf
  5689 | D:4      | Killed Crazy Yiuf
  5690 | D:4      | Reached skill level 5 in Stealth
  5817 | D:5      | Found a sparkling altar of Nemelex Xobeh.
  6732 | D:6      | Noticed Menkaure
  6738 | D:6      | Killed Menkaure
  6739 | D:6      | Reached skill level 6 in Stealth
  6739 | D:6      | Reached skill level 7 in Hexes
  6739 | D:6      | Reached XP level 9. HP: 25/45 MP: 12/12
  7229 | D:6      | Reached skill level 7 in Stealth
  7410 | D:6      | Learned a level 3 spell: Dazzling Flash
  7411 | D:6      | Found Hysat's Magic Scroll Boutique.
  7450 | D:6      | Found a staircase to the Ecumenical Temple.
  7729 | Temple   | Entered the Ecumenical Temple
  7963 | Temple   | Became a worshipper of Dithmenos the Shadowed
  8418 | D:7      | Reached skill level 8 in Stealth
  8694 | D:7      | Found Suzithuo's Magic Scroll Shoppe.
  8934 | D:7      | Reached skill level 8 in Hexes
  9146 | D:7      | Reached * piety under Dithmenos
  9147 | D:7      | Reached skill level 9 in Stealth
  9622 | D:8      | Reached skill level 10 in Stealth
  9652 | D:8      | Reached XP level 10. HP: 50/50 MP: 13/13
  9773 | D:8      | Reached skill level 1 in Fighting
  9773 | D:8      | Reached skill level 9 in Hexes
  9781 | D:8      | Noticed a green ugly thing
  9783 | D:8      | Killed a green ugly thing
  9784 | D:8      | Reached skill level 2 in Fighting
  9823 | D:8      | Reached skill level 3 in Fighting
  9957 | D:8      | Reached skill level 11 in Stealth
 10605 | D:8      | Reached ** piety under Dithmenos
 10858 | D:8      | Noticed a two-headed ogre
 10862 | D:8      | Killed a two-headed ogre
 10863 | D:8      | Reached skill level 4 in Fighting
 10883 | D:8      | Noticed a two-headed ogre
 10890 | D:8      | Killed a two-headed ogre
 10891 | D:8      | Reached skill level 10 in Hexes
 11178 | D:9      | Reached skill level 5 in Fighting
 11308 | D:9      | Found a flagged portal.
 11601 | Bailey   | Entered a bailey
 11716 | D:9      | Reached skill level 12 in Stealth
 11857 | D:9      | Reached XP level 11. HP: 64/64 MP: 14/14
 11880 | D:9      | Reached *** piety under Dithmenos
 11881 | D:9      | Reached skill level 6 in Fighting
 11962 | D:9      | Noticed a two-headed ogre
 11979 | D:9      | Reached skill level 1 in Evocations
 11981 | D:9      | Killed a two-headed ogre
 11982 | D:9      | Reached skill level 2 in Evocations
 12127 | D:9      | Reached skill level 3 in Evocations
 12213 | D:9      | Found a staircase to the Orcish Mines.
 12247 | D:9      | Found a roughly hewn altar of Beogh.
 12383 | D:10     | Entered Level 10 of the Dungeon
 12501 | D:10     | Reached **** piety under Dithmenos
 12549 | D:10     | Reached skill level 4 in Evocations
 12553 | D:9      | HP: 6/62 [warg (shapeshifter) (3)]
 12559 | D:9      | Reached skill level 7 in Fighting
 12722 | D:10     | Noticed a two-headed ogre
 12788 | D:9      | Killed a two-headed ogre
 12789 | D:9      | Reached skill level 11 in Hexes
 12789 | D:9      | Reached skill level 5 in Evocations
 13045 | D:10     | Noticed an unseen horror
 13055 | D:10     | Killed an unseen horror
 13056 | D:10     | Reached skill level 1 in Invocations
 13502 | D:10     | Reached skill level 6 in Evocations
 13614 | D:10     | Reached skill level 2 in Invocations
 13614 | D:10     | Reached XP level 12. HP: 71/72 MP: 15/15
 13983 | D:11     | Found a large runed translucent door.
 13983 | D:11     | Found a large runed translucent door.
 14006 | D:11     | Reached skill level 7 in Evocations
 14007 | D:11     | Noticed a wizard
 14011 | D:11     | Killed a wizard
 14012 | D:11     | Reached skill level 3 in Invocations
 14300 | D:11     | Found a large runed translucent door.
 14301 | D:11     | Found a large runed translucent door.
 14331 | D:11     | Reached skill level 8 in Evocations
 14463 | D:11     | Reached ***** piety under Dithmenos
 14467 | D:11     | Reached skill level 4 in Invocations
 14522 | D:11     | HP: 5/108 [cyclops (17)]
 14524 | D:11     | Killed from afar by a tengu conjurer

Vanquished Creatures
  4 two-headed ogres
  An unseen horror (D:10)
  A wizard (D:11)
  Pikel (D:4)
  A deep elf mage (D:11)
  An ugly thing (D:8)
  4 molten gargoyles (D:10)
  A troll (D:10)
  12 yaks
  2 wyverns
  Menkaure (D:6)
  An acid dragon (D:11)
  A water moccasin (D:11)
  5 orc warriors
  A swamp drake (shapeshifter) (D:9)
  6 ice beasts
  A sky beast (D:7)
  A black bear (D:11)
  2 necrophages
  5 centaurs
  An ogre (D:9)
  A phantom (D:10)
  A lemure (D:3)
  A big kobold (D:9)
  8 bullfrogs
  4 scorpions
  13 wights
  5 howler monkeys
  3 bullfrog zombies
  A centaur zombie (D:11)
  A quasit (D:7)
  2 jellies
  7 orc wizards
  5 orc priests
  Crazy Yiuf (D:4)
  4 bullfrog skeletons
  6 hounds
  4 centaur skeletons
  2 iguanas
  6 worker ants
  A hound zombie (D:8)
  2 hound skeletons
  4 worker ant zombies
  A gnoll (D:11)
  14 adders
  A shadow imp (D:8)
  5 white imps
  An ufetubus (D:7)
  An adder zombie (D:8)
  An adder skeleton (D:6)
  4 worms
  4 dart slugs
  7 leopard geckos
  37 orcs
  6 bats
  8 giant cockroaches
  8 goblins
  13 hobgoblins
  11 jackals
  6 quokkas
  A ball python (D:4)
  2 frilled lizards (D:2)
  11 kobolds
  A leopard gecko skeleton (D:5)
  A leopard gecko zombie (D:7)
  A quokka skeleton (D:4)
  9 rats
289 creatures vanquished.

Table legend: (Time is in decaauts)
 A = Elapsed time spent in this place.
 B = Non-inter-level travel time spent in this place.
 C = Inter-level travel time spent in this place.
 D = Time resting spent in this place.
 E = Time spent auto-exploring this place.
 F = Levels seen in this place.
 G = Mean time per level.
                   A        B        C        D        E       F      G
               +--------+--------+--------+--------+--------+-----+--------+
         Total |  14259 |  13898 |    361 |   2599 |   9307 |  13 | 1096.8 |
       Dungeon |  13961 |  13618 |    343 |   2599 |   9045 |  11 | 1269.2 |
        Temple |    252 |    234 |     18 |      0 |    227 |   1 |  252.0 |
        Bailey |     45 |     45 |      0 |      0 |     35 |   1 |   45.0 |
               +--------+--------+--------+--------+--------+-----+--------+

Top non-repeatable levels by time:
     D:6: 1858 daAuts
     D:8: 1658 daAuts
     D:3: 1651 daAuts
     D:9: 1641 daAuts
     D:1: 1438 daAuts
     D:4: 1220 daAuts
     D:2: 1115 daAuts
    D:10: 952 daAuts
     D:5: 923 daAuts
     D:7: 861 daAuts
    D:11: 639 daAuts
  Temple: 252 daAuts
  Bailey: 45 daAuts

Table legend:
 A = Non-vault XP
 B = Vault XP
 C = Vault XP percentage of total XP
 D = Non-vault monster count
 E = Vault monster count
 F = Vault count percentage of total count
                 A         B        C        D         E       F
            +---------+---------+-------+---------+---------+-------
      Total |   14770 |    4828 |  24.6 |     248 |      40 |  13.9
            +---------+---------+-------+---------+---------+-------
        D:1 |      31 |       0 |   0.0 |      17 |       0 |   0.0
        D:2 |      68 |      17 |  20.0 |      24 |       3 |  11.1
        D:3 |      99 |       0 |   0.0 |      21 |       0 |   0.0
        D:4 |     391 |     765 |  66.2 |      20 |       3 |  13.0
        D:5 |     365 |      36 |   9.0 |      12 |       1 |   7.7
        D:6 |     623 |     175 |  21.9 |      17 |       1 |   5.6
        D:7 |     974 |       0 |   0.0 |      24 |       0 |   0.0
        D:8 |    3687 |      19 |   0.5 |      37 |       2 |   5.1
        D:9 |    4926 |     186 |   3.6 |      41 |      16 |  28.1
       D:10 |    1776 |    1801 |  50.3 |      13 |       5 |  27.8
       D:11 |    1830 |    1829 |  50.0 |      22 |       9 |  29.0
            +---------+---------+-------+---------+---------+-------
